SA
KENNESAW JETS @ WASHINGTON GENERALS
08/02/2028
 
TOP OF THE 1ST
Kennesaw Jets batting - Pitching for Washington Generals : LHP Marco Sledge
Pitching: LHP Marco Sledge
Batting: RHB Juan Moreno 0-0: Called Strike
0-1: Ball
1-1: Called Strike
1-2: Ball
2-2: Ball
3-2: Foul Ball, location: 2F
3-2: Base on Balls
Batting: RHB Jason Hopdown 0-0: Ball
1-0: Fielders Choice at 2nd, 5-4 (Groundball, 56)
Batting: RHB Patrick Eggen 0-0: Ball
1-0: Called Strike
1-1: SINGLE (Groundball, 56D)
Jason Hopdown to second
Batting: RHB Carlos Deleón 0-0: Called Strike
0-1: Foul Ball, location: 2F
0-2: Ball
1-2: Foul Ball, location: 2F
1-2: Grounds into double play, 1-6-3 (Groundball, P)
Top of the 1st over - 0 run(s), 1 hit(s), 0 error(s), 1 left on base; Kennesaw 0 - Washington 0
BOTTOM OF THE 1ST
Washington Generals batting - Pitching for Kennesaw Jets : RHP José López
Pitching: RHP José López
Batting: RHB David Tineo 0-0: Called Strike
0-1: Called Strike
0-2: Strikes out swinging
Batting: SHB Pedro Villarreal 0-0: Ball
1-0: Called Strike
1-1: Ball
2-1: Ball
3-1: Base on Balls
Batting: RHB Jason Alston 0-0: Called Strike
0-1: Grounds into double play, 5-4-3 (Groundball, 56)
Bottom of the 1st over - 0 run(s), 0 hit(s), 0 error(s), 0 left on base; Kennesaw 0 - Washington 0
TOP OF THE 2ND
Kennesaw Jets batting - Pitching for Washington Generals : LHP Marco Sledge
Batting: RHB Bernardo Martínez 0-0: Ball
1-0: Called Strike
1-1: Swinging Strike
1-2: Foul Ball, location: 2F
1-2: Strikes out swinging
Batting: RHB Lester Kwiatkowski 0-0: Fly out, F8 (Flyball, 8RD)
Batting: RHB Vic Richards 0-0: Called Strike
0-1: Called Strike
0-2: Ball
1-2: Foul Ball, location: 2F
1-2: Strikes out swinging
Top of the 2nd over - 0 run(s), 0 hit(s), 0 error(s), 0 left on base; Kennesaw 0 - Washington 0
BOTTOM OF THE 2ND
Washington Generals batting - Pitching for Kennesaw Jets : RHP José López
Batting: RHB Mauro Deleón 0-0: Ball
1-0: Foul Ball, location: 2F
1-1: Ball
2-1: Called Strike
2-2: Ball
3-2: Fly out, F9 (Flyball, 9)
Batting: RHB Chad Silander 0-0: Called Strike
0-1: Ball
1-1: Swinging Strike
1-2: Foul Ball, location: 2F
1-2: Ball
2-2: Foul Ball, location: 2F
2-2: Ball
3-2: SINGLE (Flyball, 7S)
Batting: RHB Franklin Rascón 0-0: Called Strike
0-1: Called Strike
0-2: Ball
1-2: SINGLE (Line Drive, 6MS) (infield hit)
Chad Silander to second
Batting: RHB Ricardo Bruno 0-0: Swinging Strike
0-1: Swinging Strike
0-2: Ball
1-2: Ball
2-2: Foul Ball, location: 2F
2-2: Strikes out swinging
Batting: RHB Mike Lipide 0-0: Called Strike
0-1: Swinging Strike
0-2: Strikes out looking
Bottom of the 2nd over - 0 run(s), 2 hit(s), 0 error(s), 2 left on base; Kennesaw 0 - Washington 0
TOP OF THE 3RD
Kennesaw Jets batting - Pitching for Washington Generals : LHP Marco Sledge
Batting: RHB Diego Romero 0-0: Foul Ball, location: 2F
0-1: Swinging Strike
0-2: Ball
1-2: Foul Ball, location: 2F
1-2: Foul Ball, location: 2F
1-2: Ball
2-2: Ball
3-2: Fly out, F9 (Flyball, 9LS)
Batting: RHB Ernesto López 0-0: Swinging Strike
0-1: Foul Ball, location: 2F
0-2: Strikes out swinging
Batting: RHB Juan Moreno 0-0: Called Strike
0-1: Fly out, F9 (Flyball, 9LSF)
Top of the 3rd over - 0 run(s), 0 hit(s), 0 error(s), 0 left on base; Kennesaw 0 - Washington 0
BOTTOM OF THE 3RD
Washington Generals batting - Pitching for Kennesaw Jets : RHP José López
Batting: RHB Alonso Vielma 0-0: Swinging Strike
0-1: Ball
1-1: Ball
2-1: SINGLE (Flyball, 8RS)
Batting: RHB David Tineo 0-0: Called Strike
0-1: Ball
1-1: Ball
2-1: Foul Ball, location: 2F
2-2: Strikes out swinging
Batting: SHB Pedro Villarreal 0-0: Ball
1-0: Called Strike
1-1: Foul Ball, location: 2F
1-2: Ball
2-2: Strikes out looking
Batting: RHB Jason Alston 0-0: Called Strike
0-1: Foul Ball, location: 2F
0-2: Ball
1-2: Ball
2-2: Foul Ball, location: 2F
2-2: Strikes out looking
Bottom of the 3rd over - 0 run(s), 1 hit(s), 0 error(s), 1 left on base; Kennesaw 0 - Washington 0
TOP OF THE 4TH
Kennesaw Jets batting - Pitching for Washington Generals : LHP Marco Sledge
Batting: RHB Jason Hopdown 0-0: Foul Ball, location: 2F
0-1: Called Strike
0-2: Ball
1-2: Ball
2-2: Foul Ball, location: 2F
2-2: Ball
3-2: Strikes out swinging
Batting: RHB Patrick Eggen 0-0: Called Strike
0-1: Foul Ball, location: 2F
0-2: Strikes out swinging
Batting: RHB Carlos Deleón 0-0: Ground out 1-3 (Groundball, 13S)
Top of the 4th over - 0 run(s), 0 hit(s), 0 error(s), 0 left on base; Kennesaw 0 - Washington 0
BOTTOM OF THE 4TH
Washington Generals batting - Pitching for Kennesaw Jets : RHP José López
Batting: RHB Mauro Deleón 0-0: Ball
1-0: Ball
2-0: Called Strike
2-1: Swinging Strike
2-2: Strikes out swinging
Batting: RHB Chad Silander 0-0: Ball
1-0: Ball
2-0: Fly out, F8 (Flyball, 8LM)
Batting: RHB Franklin Rascón 0-0: Called Strike
0-1: Ball
1-1: Foul Ball, location: 2F
1-2: Strikes out swinging
Bottom of the 4th over - 0 run(s), 0 hit(s), 0 error(s), 0 left on base; Kennesaw 0 - Washington 0
TOP OF THE 5TH
Kennesaw Jets batting - Pitching for Washington Generals : LHP Marco Sledge
Batting: RHB Bernardo Martínez 0-0: Called Strike
0-1: Ball
1-1: Called Strike
1-2: Strikes out swinging
Batting: RHB Lester Kwiatkowski 0-0: Called Strike
0-1: Called Strike
0-2: Ball
1-2: Foul Ball, location: 2F
1-2: Ground out 6-3 (Groundball, 6)
Batting: RHB Vic Richards 0-0: Called Strike
0-1: Ball
1-1: Foul Ball, location: 2F
1-2: Ball
2-2: Foul Ball, location: 2F
2-2: Ball
3-2: Foul Ball, location: 2F
3-2: Strikes out swinging
Top of the 5th over - 0 run(s), 0 hit(s), 0 error(s), 0 left on base; Kennesaw 0 - Washington 0
BOTTOM OF THE 5TH
Washington Generals batting - Pitching for Kennesaw Jets : RHP José López
Batting: RHB Ricardo Bruno 0-0: Called Strike
0-1: Swinging Strike
0-2: Ball
1-2: Strikes out looking
Batting: RHB Mike Lipide 0-0: Ball
1-0: DOUBLE (Line Drive, 7LM)
Batting: RHB Alonso Vielma 0-0: Called Strike
0-1: Fly out, F9 (Flyball, 9LM)
Batting: RHB David Tineo 0-0: SINGLE (Line Drive, 7S)
Mike Lipide to third
Runner from 3rd tries for Home, SAFE, no throw
Batting: SHB Pedro Villarreal 0-0: Ball
1-0: Ball
2-0: Foul Ball, location: 2F
2-1: Foul Ball, location: 2F
2-2: Ball
3-2: SINGLE (Line Drive, 9LS)
David Tineo to second
David Tineo to third
Batting: RHB Jason Alston 0-0: Ball
1-0: Fly out, F6 (Line Drive, 6)
Bottom of the 5th over - 1 run(s), 3 hit(s), 0 error(s), 2 left on base; Kennesaw 0 - Washington 1
TOP OF THE 6TH
Kennesaw Jets batting - Pitching for Washington Generals : LHP Marco Sledge
Batting: RHB Diego Romero 0-0: Called Strike
0-1: Swinging Strike
0-2: Ball
1-2: Strikes out swinging
Batting: RHB Ernesto López 0-0: Called Strike
0-1: Foul Ball, location: 2F
0-2: Ball
1-2: Ball
2-2: SINGLE (Groundball, 25) (infield hit)
Pitching: RHP Augusto Morín
Batting: RHB Juan Moreno 0-0: Ball
1-0: Ball
2-0: Foul Ball, location: 2F
2-1: Swinging Strike
2-2: Ball
3-2: Strikes out looking
Batting: RHB Jason Hopdown 0-0: Called Strike
0-1: Swinging Strike
0-2: Ball
1-2: Strikes out swinging
Top of the 6th over - 0 run(s), 1 hit(s), 0 error(s), 1 left on base; Kennesaw 0 - Washington 1
BOTTOM OF THE 6TH
Washington Generals batting - Pitching for Kennesaw Jets : RHP José López
Batting: RHB Mauro Deleón 0-0: Ball
1-0: Foul Ball, location: 2F
1-1: Foul Ball, location: 2F
1-2: Strikes out swinging
Batting: RHB Chad Silander 0-0: Ball
1-0: Ball
2-0: Ground out 6-3 (Groundball, 6)
Batting: RHB Franklin Rascón 0-0: Ball
1-0: Called Strike
1-1: Foul Ball, location: 2F
1-2: Fly out, F5 (Popup, 5S)
Bottom of the 6th over - 0 run(s), 0 hit(s), 0 error(s), 0 left on base; Kennesaw 0 - Washington 1
TOP OF THE 7TH
Kennesaw Jets batting - Pitching for Washington Generals : RHP Augusto Morín
Batting: RHB Patrick Eggen 0-0: Ball
1-0: Fly out, F8 (Flyball, 78M)
Pitching: RHP Randy Gabaldon
Batting: RHB Carlos Deleón 0-0: Ball
1-0: Called Strike
1-1: Swinging Strike
1-2: Ground out 1-3 (Groundball, P)
Batting: RHB Bernardo Martínez 0-0: Ball
1-0: Ball
2-0: Called Strike
2-1: Foul Ball, location: 2F
2-2: Ground out 5-3 (Groundball, 5L)
Top of the 7th over - 0 run(s), 0 hit(s), 0 error(s), 0 left on base; Kennesaw 0 - Washington 1
BOTTOM OF THE 7TH
Washington Generals batting - Pitching for Kennesaw Jets : RHP José López
Batting: RHB Ricardo Bruno 0-0: Ball
1-0: Ball
2-0: Called Strike
2-1: Called Strike
2-2: Foul Ball, location: 2F
2-2: Foul Ball, location: 2F
2-2: Ball
3-2: Base on Balls
Batting: RHB Mike Lipide 0-0: Sac Bunt - play at first, batter OUT! 1-4
Ricardo Bruno to second
Pinch Hitting: LHB Elmer Hudgins 0-0: Intentional Walk
Pinch Runner at 2nd Ricardo Sandoval:
Batting: RHB David Tineo 0-0: Ball
1-0: Swinging Strike
1-1: Fly out, F7 (Flyball, 7)
Pitching: LHP Khemera Seng
Pinch Hitting: RHB Jonathan Barnett 0-0: Swinging Strike
0-1: Ball
1-1: Swinging Strike
1-2: Ball
2-2: Foul Ball, location: 2F
2-2: Foul Ball, location: 2F
2-2: Fly out, F5 (Popup, 5L)
Bottom of the 7th over - 0 run(s), 0 hit(s), 0 error(s), 2 left on base; Kennesaw 0 - Washington 1
TOP OF THE 8TH
Kennesaw Jets batting - Pitching for Washington Generals : RHP Randy Gabaldon
Now at 2B: Jonathan Barnett
Now at 3B: Júlio Rodríguez
Batting: RHB Lester Kwiatkowski 0-0: Called Strike
0-1: Called Strike
0-2: Ball
1-2: Ball
2-2: Strikes out swinging
Batting: RHB Vic Richards 0-0: Ball
1-0: Foul Ball, location: 2F
1-1: Ball
2-1: Swinging Strike
2-2: Foul Ball, location: 2F
2-2: Strikes out looking
Batting: RHB Diego Romero 0-0: Ball
1-0: Ball
2-0: Foul Ball, location: 2F
2-1: Ball
3-1: Swinging Strike
3-2: Strikes out swinging
Top of the 8th over - 0 run(s), 0 hit(s), 0 error(s), 0 left on base; Kennesaw 0 - Washington 1
BOTTOM OF THE 8TH
Washington Generals batting - Pitching for Kennesaw Jets : LHP Khemera Seng
Batting: RHB Jason Alston 0-0: Ball
1-0: Called Strike
1-1: Foul Ball, location: 2F
1-2: Ball
2-2: Ground out 6-3 (Groundball, 6)
Batting: RHB Mauro Deleón 0-0: Called Strike
0-1: Foul Ball, location: 2F
0-2: Fly out, F9 (Flyball, 9LS)
Batting: RHB Chad Silander 0-0: Ground out 6-3 (Groundball, 6)
Bottom of the 8th over - 0 run(s), 0 hit(s), 0 error(s), 0 left on base; Kennesaw 0 - Washington 1
TOP OF THE 9TH
Kennesaw Jets batting - Pitching for Washington Generals : RHP Randy Gabaldon
Pitching: RHP Álex Hernández
Pinch Hitting: LHB Félix Calixto 0-0: Foul Ball, location: 2F
0-1: Foul Ball, location: 2F
0-2: Ball
1-2: Ball
2-2: Strikes out swinging
Pinch Hitting: SHB Pat Sargent 0-0: Fly out, F7 (Flyball, 7S)
Pinch Hitting: LHB Manuel Márquez 0-0: Ball
1-0: Ground out 6-3 (Groundball, 6)
Top of the 9th over - 0 run(s), 0 hit(s), 0 error(s), 0 left on base; Kennesaw 0 - Washington 1
Tuesday, August 22nd, 2017 - OOTP Baseball 17.12 Build 75